 Dungeon Crawl Stone Soup version 0.31-a0-1321-g5021b54cb2 (webtiles) character file.

Game seed: 7345776341545570140

784 Curundu the Chopper (level 7, -3/62 HPs)
             Began as a Minotaur Berserker on Dec 21, 2023.
             Was a Believer of Trog.
             Shot with an arrow by a centaur (4 damage)
             ... on level 5 of the Dungeon.
             The game lasted 00:11:30 (3858 turns).

Curundu the Chopper (Minotaur Berserker)            Turns: 3858, Time: 00:11:31

Health: -3/62      AC: 11    Str: 23    XL:     7   Next: 55%
Magic:  6/6        EV:  9    Int:  4    God:    Trog [**....]
Gold:   270        SH:  0    Dex: 10    Spells: 6/6 levels left

rFire   x . .        a - +0 hand axe
rCold   + . .        (no shield)
rNeg    . . .        d - +0 chain mail
rPois   +            (helmet restricted)
rElec   .            (no cloak)
rCorr   .            (no gloves)
SInv    .            p - +0 pair of boots
Will    .....        (no amulet) Stlth
                     h - ring of poison resistance
HPRegen 0.30/turn    y - ring of ice
MPRegen 0.10/turn

%: no passive effects
@: no status effects
A: horns 2, retaliatory headbutt
a: Renounce Religion, Berserk, Trog's Hand


You were on level 5 of the Dungeon.
You worshipped Trog.
Trog was pleased with you.
You visited 1 branch of the dungeon, and saw 5 of its levels.

You collected 270 gold pieces.

Inventory:

Hand Weapons
 a - a +0 hand axe (weapon)
Missiles
 b - 2 poisoned darts
Armour
 d - a +0 chain mail (worn)
 p - a +0 pair of boots (worn)
Jewellery
 h - a ring of poison resistance (left hand)
 k - a +6 ring of intelligence
 x - a ring of positive energy
 y - a ring of ice (right hand)
Wands
 q - a wand of polymorph (18)
Scrolls
 c - a scroll of noise {unknown}
 e - a scroll of enchant weapon {unknown}
 g - a scroll of acquirement {unknown}
 i - a scroll of brand weapon {unknown}
 j - 3 scrolls of identify {unknown}
 l - 3 scrolls of teleportation {unknown}
 s - 2 scrolls of immolation
 u - 4 scrolls of enchant armour {unknown}
Potions
 f - 3 potions of mutation {unknown}
 m - a potion of curing {unknown}
 n - 2 potions of haste {unknown}
 o - a potion of degeneration {unknown}
 r - a potion of resistance {unknown}
 t - a potion of brilliance {unknown}
 v - a potion of berserk rage {unknown}
 w - a potion of might {unknown}


   Skills:
 + Level 5.6 Fighting
 + Level 7.7 Axes
 + Level 1.0 Throwing
 + Level 5.5 Armour
 + Level 3.0 Dodging
 + Level 1.0 Stealth


You had 6 spell levels left.
You didn't know any spells.
Your spell library was empty.

Dungeon Overview and Level Annotations

Branches:
Dungeon (5/15)             Temple (0/1) D:5

Altars:
Fedhas


Innate Abilities, Weirdness & Mutations

You have a pair of horns on your head.
You reflexively headbutt those who attack you in melee.


Message History

The ice beast is heavily wounded.
The ice beast hits you but does no damage.
You hit the ice beast. Your headbutt misses the ice beast.
The ice beast is heavily wounded.
The ice beast hits you but does no damage.
You barely miss the ice beast. Your headbutt misses the ice beast.
The ice beast is heavily wounded.
The ice beast closely misses you.
You hit the ice beast. You headbutt the ice beast!
The ice beast is almost dead.
The ice beast hits you but does no damage.
You hit the ice beast.
You kill the ice beast!
Trog accepts your kill.
Your Dodging skill increases to level 3!
HP restored.
You open the door.
A centaur comes into view.
The centaur shouts!
You hear an angry hiss.
The centaur wields a +0 orcbow of flaming.
It bursts into flame!
The centaur shoots an arrow.
The arrow hits you but does no damage.
There is an open door here.
Found a scroll labelled XAUTWIWUMU.
The centaur shoots an arrow.
The arrow hits you! The arrow burns you.
The centaur shoots an arrow.
The arrow hits you. The arrow burns you.
The centaur shoots an arrow.
The arrow hits you! The arrow burns you.
You hear an angry hiss.
An adder comes into view.
The adder hisses angrily.
The centaur shoots an arrow.
The arrow hits you. The arrow burns you.
The centaur shoots an arrow.
The arrow barely misses you.
The centaur shoots an arrow.
The arrow hits you!
* * * LOW HITPOINT WARNING * * *
The arrow burns you!
* * * LOW HITPOINT WARNING * * *
The centaur shoots an arrow.
The arrow hits you!
* * * LOW HITPOINT WARNING * * *
The arrow burns you.
You die...

..#..........#
..#..........#.........#
..#..........#.........#
..#..........#.........#
..#..........#.........#
..#......<...#...?.....#
.###....######....Sc...#
.###....###.........#
..........#.....@...#
..........#.........+
..........#.........#
..........#.........#
..##.######.........#
..##.#.......###'########
.....#.......#...........
.....#.......#...........
.....'.......#...........


You could see a centaur and an adder.

Vanquished Creatures
  The ghost of JohnnyKeats the Trooper, an amateur VSFi of Okawaru (D:4)
  2 ice beasts (D:5)
  2 phantoms
  A scorpion (D:3)
  2 iguanas
  A sleepcap (D:5)
  Ijyb (D:3)
  An orc wizard (D:4)
  A gnoll (D:1)
  6 adders
  2 worms
  2 dart slugs (D:2)
  5 orcs
  10 endoplasms
  5 goblins
  3 hobgoblins
  4 jackals (D:3)
  9 kobolds
  A quokka (D:2)
  12 ball pythons
  7 bats
  4 frilled lizards
  6 rats
88 creatures vanquished.

Notes
Turn   | Place    | Note
-------+----------+-------------------------------------------
     0 | D:1      | Curundu the Minotaur Berserker began the quest for the Orb.
     0 | D:1      | Reached XP level 1. HP: 19/19 MP: 0/0
   287 | D:1      | Reached XP level 2. HP: 27/27 MP: 1/1
   303 | D:1      | Reached skill level 4 in Axes
   490 | D:1      | Reached XP level 3. HP: 33/33 MP: 2/2
   580 | D:1      | Found a faded altar of an unknown god.
  1257 | D:2      | Reached ** piety under Trog
  1473 | D:2      | Reached skill level 5 in Axes
  1553 | D:2      | Reached XP level 4. HP: 40/40 MP: 3/3
  1957 | D:3      | Noticed a scorpion
  1963 | D:3      | Killed a scorpion
  1964 | D:3      | Reached XP level 5. HP: 47/47 MP: 4/4
  2132 | D:3      | Found a blossoming altar of Fedhas.
  2608 | D:3      | Noticed Ijyb
  2620 | D:3      | Killed Ijyb
  2621 | D:3      | Reached skill level 6 in Axes
  2874 | D:4      | Noticed a phantom
  2901 | D:4      | Killed a phantom
  2902 | D:4      | Reached XP level 6. HP: 38/53 MP: 5/5
  3411 | D:4      | Found a runed translucent door.
  3411 | D:4      | Noticed JohnnyKeats's ghost (amateur VSFi)
  3429 | D:4      | Killed JohnnyKeats's ghost
  3430 | D:4      | Reached skill level 5 in Fighting
  3677 | D:5      | Entered Level 5 of the Dungeon
  3689 | D:5      | Noticed an ice beast
  3699 | D:5      | Killed an ice beast
  3700 | D:5      | Reached skill level 7 in Axes
  3700 | D:5      | Reached skill level 5 in Armour
  3700 | D:5      | Reached XP level 7. HP: 59/61 MP: 6/6
  3803 | D:5      | Found a staircase to the Ecumenical Temple.
  3830 | D:5      | Reached skill level 1 in Throwing
  3830 | D:5      | Reached skill level 1 in Stealth
  3858 | D:5      | HP: 1/62 [centaur/arrow (7)]
  3858 | D:5      | Shot with an arrow by a centaur

Illustrated notes

Levels and vault maps discovered:
D:1:      ncdulo_wetmaze, layout_basic, serial_forest, infiniplex_forest_join,
          infiniplex_forest_straight_2, infiniplex_forest_lined_1,
          infiniplex_forest_clump_tiny, infiniplex_forest_clump_medium,
          infiniplex_forest_lined_3,
          dreamdust_ecumenical_altar_angels_and_demons
D:2:      layout_rooms, chequers_serial_rivers_large_a, dk_vineyard_2,
          minmay_snake_closets
D:3:      layout_loops_corners, mainiacjoe_overflow_alcove_1, uniq_ijyb
D:4:      layout_cave_pods, ebering_ghost_inner_flame, corexii_corridor_pit
D:5:      layout_gridville, nemelex_spade_bored_becter,
          minmay_temple_entry_stoned_glass, minmay_misc_feat_enclosed

Skill      XL: |  1  2  3  4  5  6  7 |
---------------+----------------------+-----
Axes           | 4 5 6 7 |  7.7
Fighting       | 4 5 |  5.6
Armour         | 3 4 5 |  5.5
Throwing       | 1 |  1.0
Stealth        | 1 |  1.0
Dodging        | 3 |  3.0

Action                     |  1- 3 |  4- 6 |  7- 9 || total
---------------------------+-------+-------+-------++-------
  Melee: Hand axe          |   105 |   156 |    26 ||   287
         Headbutt          |    13 |    25 |     4 ||    42
         Punch             |       |     2 |       ||     2
  Throw: Dart              |       |     6 |       ||     6
 Invoke: Trog's Hand       |       |     4 |       ||     4
 Armour: Chain mail        |    72 |   107 |    19 ||   198
         Animal skin       |     1 |       |       ||     1
         Skin              |       |     6 |       ||     6
  Dodge: Dodged            |    42 |    65 |    15 ||   122

Table legend: (Time is in decaauts)
 A = Elapsed time spent in this place.
 B = Non-inter-level travel time spent in this place.
 C = Inter-level travel time spent in this place.
 D = Time resting spent in this place.
 E = Time spent auto-exploring this place.
 F = Levels seen in this place.
 G = Mean time per level.
                   A        B        C        D        E       F      G
               +--------+--------+--------+--------+--------+-----+--------+
         Total |   3899 |   3899 |      0 |     15 |   2979 |   5 |  779.8 |
       Dungeon |   3899 |   3899 |      0 |     15 |   2979 |   5 |  779.8 |
               +--------+--------+--------+--------+--------+-----+--------+

Top non-repeatable levels by time:
     D:1: 1009 daAuts
     D:4: 981 daAuts
     D:2: 919 daAuts
     D:3: 810 daAuts
     D:5: 179 daAuts
